 Dungeon Crawl Stone Soup version 0.31-a0-977-gc230f8ef24 (webtiles) character file.

Game seed: 6635999833700074525

7 Spaninq the Trooper (level 1, -2/18 HPs)
             Began as a Demonspawn Berserker on Oct 29, 2023.
             Was a Follower of Trog.
             Frozen to death by an endoplasm (3 damage)
             ... on level 1 of the Dungeon.
             The game lasted 00:00:38 (133 turns).

Spaninq the Trooper (Demonspawn Berserker)           Turns: 133, Time: 00:00:40

Health: -2/18      AC:  2    Str: 17    XL:     1   Next: 83%
Magic:  1/1        EV: 12    Int:  8    God:    Trog [*.....]
Gold:   22         SH:  0    Dex: 12    Spells: 0/0 levels left

rFire   . . .        a - +0 hand axe
rCold   . . .        (no shield)
rNeg    . . .        b - +0 animal skin
rPois   .            (no helmet)
rElec   .            (no cloak)
rCorr   .            (no gloves)
SInv    .            (no boots)
Will    .....        (no amulet)
Stlth   +            (no ring)
HPRegen 0.23/turn    (no ring)
MPRegen 0.07/turn

%: no passive effects
@: brilliant, lethally poisoned (-2 -> -9)
A: no striking features
a: Renounce Religion, Berserk


You were on level 1 of the Dungeon.
You worshipped Trog.
Trog was aware of your devotion.
You visited 1 branch of the dungeon, and saw 1 of its levels.

You collected 22 gold pieces.

Inventory:

Hand Weapons
 a - a +0 hand axe (weapon)
Armour
 b - a +0 animal skin (worn)
Scrolls
 c - a scroll of immolation {unknown}


   Skills:
 + Level 3.1 Fighting
 * Level 2.9 Axes
 + Level 1.9 Armour
 - Level 1.7 Dodging


You couldn't memorise any spells.
You didn't know any spells.
Your spell library was empty.

Dungeon Overview and Level Annotations

Branches:
Dungeon (1/15)

Altars:


Message History

Trog accepts your kill.
Found a spear.
A goblin comes into view. It is wielding a +0 dagger.
Found a ring mail.
Found a stone staircase leading down.
A goblin comes into view. It is wielding a +0 dagger.
The goblin shouts! x2
You closely miss the goblin. You hit the goblin but do no damage.
The goblin barely misses you. The goblin hits you with a +0 dagger.
You hit the goblin.
You kill the goblin!
Trog accepts your kill.
You hit the goblin. The goblin hits you with a +0 dagger.
A kobold comes into view. It is wielding a +1 dagger of venom.
The goblin hits you but does no damage.
An endoplasm comes into view.
You barely miss the goblin.
The goblin is heavily wounded.
The goblin closely misses you.
You hit the goblin.
You kill the goblin!
Trog accepts your kill.
You hit the kobold but do no damage.
The kobold hits you with a +1 dagger of venom.
You hit the kobold but do no damage.
The kobold hits you with a +1 dagger of venom.
You are lethally poisoned!
You slash the kobold!
You kill the kobold!
Trog accepts your kill.
You hit the endoplasm.
You feel very sick. The endoplasm hits you.
* * * LOW HITPOINT WARNING * * *
It was a potion of brilliance.
You feel clever all of a sudden.
* * * LOW HITPOINT WARNING * * *
You feel sick. The endoplasm freezes you.
You are frozen.
You die...

##### #...# ##########
#.).# #......... #...#
#.........
#...####.........
##......#.........
######....##..@).......
#.........####.J.......
####.##...####)........
#...................
###.##..###.........
#..##.......[.....
##.#.....###..>...
#.#.....# ...##.
####### #.......#. ....


You could see an endoplasm.

Vanquished Creatures
  A bat (D:1)
  An endoplasm (D:1)
  2 goblins (D:1)
  A kobold (D:1)
  A rat (D:1)
6 creatures vanquished.

Notes
Turn   | Place    | Note
-------+----------+-------------------------------------------
     0 | D:1      | Spaninq the Demonspawn Berserker began the quest for the
                  | Orb.
     0 | D:1      | Reached XP level 1. HP: 18/18 MP: 1/1
   133 | D:1      | Frozen to death by an endoplasm

Illustrated notes

Levels and vault maps discovered:
D:1:      erik_arrival_blinker_ship, layout_rooms

Action                     || total
---------------------------++-------
  Melee: Hand axe          ||    12
    Use: Potion            ||     1
 Armour: Animal skin       ||     8
  Dodge: Dodged            ||     6

Table legend: (Time is in decaauts)
 A = Elapsed time spent in this place.
 B = Non-inter-level travel time spent in this place.
 C = Inter-level travel time spent in this place.
 D = Time resting spent in this place.
 E = Time spent auto-exploring this place.
 F = Levels seen in this place.
 G = Mean time per level.
                   A        B        C        D        E       F      G
               +--------+--------+--------+--------+--------+-----+--------+
         Total |    134 |    134 |      0 |      0 |     90 |   1 |  134.0 |
       Dungeon |    134 |    134 |      0 |      0 |     90 |   1 |  134.0 |
               +--------+--------+--------+--------+--------+-----+--------+

Top non-repeatable levels by time:
     D:1: 134 daAuts
